cohdb
Replays
Latest Replays
All Replays
Popular Replays
Top Player Replays
Match Explorer
How It Works
Community
CoH3 Stats
Reddit
Sign in to upload your games and track your stats! →
Sign in with Steam
Match 27978387
Unlisted
Match 27978387
Overview
Messages
Build Orders
End
Construct Barracks
Selects Armored Battlegroup
Selects Veteran Crews
Riflemen Squad
M1 Mortar Team
Riflemen Squad
Selects Fast Deploy
Mechanized Support Center
Riflemen Squad
Construct Motor Pool
M8 Greyhound Armored Car
M8 Greyhound Armored Car
Engineer Squad
Selects M8 Scott SPG
Selects UNKNOWN (2160077)
Construct Tank Depot
M1 Anti-tank Gun Team
Grenade Package
M1918 Browning Automatic Rifles
M8 Greyhound Armored Car
Construct Medical Station
Improvised Armor
Rearm and Retrofit
Riflemen Squad
M4(105) Sherman Bulldozer
Scout Squad
Selects M31 Recovery Vehicle
Selects War Machine
M4(105) Sherman Bulldozer
Rapid Repairs
Designate Forward Repair Station
Engineer Squad
Engineer Squad
M4(105) Sherman Bulldozer
Friendly Mouse(Poxie)
BusterBladeVII
my worst self
ShiningBolt
Dr.PepoPig
Milo
Microsoft 365® Visio
Microsoft 365® Excel
0
0
Comments
sign in to comment!
No comments posted yet!